[Event "January 9 Early 2024"]
[Site "https://www.chess.com"]
[Date "2024.01.11"]
[Round "10"]
[White "Chigaev, Maksim"]
[Black "Bluebaum, Matthias"]
[Result "1-0"]
[Board "208"]
[TimeControl "180+1"]
[WhiteFideId "4108116"]
[BlackFideId "24651516"]
[WhiteElo "2983"]
[BlackElo "3072"]
[WhiteTeam "ESP"]
[BlackTeam "GER"]
[WhiteClock "0:00:05"]
[BlackClock "0:00:03"]

1. c4 e6 2. g3 d5 3. Bg2 Nf6 4. Nf3 Nc6 5. d4 Bd6 6. Bg5 h6 7. Bxf6 Qxf6 8. cxd5 exd5 9. O-O O-O 10. Nc3 Ne7 11. e4 dxe4 12. Nxe4 Qe6 13. Re1 c6 14. Nc5 Qf6 15. Ne5 Bxc5 16. dxc5 Ng6 17. Nc4 Be6 18. Nd6 Qxb2 19. Rb1 Qxa2 20. Rxb7 Qa5 21. Qc1 Rab8 22. Bxc6 Rxb7 23. Bxb7 Qc7 24. Bf3 Rb8 25. h4 Nf8 26. Rd1 Nd7 27. c6 Ne5 28. Be4 Bg4 29. Rd5 Qxc6 30. Qf4 Rb1+ 31. Kg2 Qc1 32. Qxc1 Rxc1 33. Rxe5 g6 34. Ra5 Rc7 35. Bf3 Be6 36. Ne4 Kg7 37. Nc5 Bc8 38. Nd3 Re7 39. Ne5 Rc7 40. Nd3 Re7 41. Nf4 Rc7 42. Bd5 Rd7 43. Be4 Re7 44. Bc6 Rc7 45. Ba8 Re7 46. Nd5 Rd7 47. Ne3 Rc7 48. Bf3 Re7 49. Ra1 Rc7 50. Nd5 Rd7 51. Nc3 Rc7 52. Nb5 Rc5 53. Nxa7 Bd7 54. Ra3 Rc7 55. Ra5 h5 56. Ra3 Rc5 57. Be4 Rc7 58. Kg1 Rc1+ 59. Kh2 Rc7 60. Kg2 Rc5 61. Bd3 Rd5 62. Bf1 Rc5 63. Ra1 Rd5 64. Rb1 Ra5 65. Nb5 Bc6+ 66. Kg1 Ra2 67. Nd4 Be4 68. Re1 Bd5 69. Ne2 Ra3 70. Nf4 Bb3 71. Re3 g5 72. hxg5 h4 73. gxh4 Ra4 74. Nh5+ Kg6 75. Rxb3 Kxh5 76. Rh3 Rg4+ 77. Kh2 Rf4 78. Be2+ Kg6 79. Kg2 Kg7 80. Kg3 Rb4 81. Bg4 Rb3+ 82. f3 Rb1 83. h5 Rg1+ 84. Kf4 Ra1 85. h6+ Kg8 86. Bf5 Kh8 87. Be4 Ra4 88. Rh1 f6 89. gxf6 Ra6 90. Kg5 Ra5+ 91. Bf5 Ra7 92. Rb1 Ra8 93. Rb7 Rg8+ 94. Kh5 Rd8 95. Rh7+ Kg8 96. f7+ Kf8 97. Rh8+ 1-0

[Event "January 9 Early 2024"]
[Site "https://www.chess.com"]
[Date "2024.01.11"]
[Round "10"]
[White "Makarian, Rudik"]
[Black "Navara, David"]
[Result "1/2-1/2"]
[Board "209"]
[TimeControl "180+1"]
[WhiteFideId "44105681"]
[BlackFideId "309095"]
[WhiteElo "3094"]
[BlackElo "3021"]
[WhiteTeam "FID"]
[BlackTeam "CZE"]
[WhiteClock "0:00:06"]
[BlackClock "0:00:06"]

1. d4 Nf6 2. c4 e6 3. Nf3 d5 4. g3 Be7 5. Bg2 O-O 6. O-O dxc4 7. Qc2 a6 8. a4 Bd7 9. Qxc4 Bc6 10. Bg5 Nbd7 11. Nc3 h6 12. Bxf6 Nxf6 13. b4 Bd5 14. Nxd5 exd5 15. Qb3 c6 16. e3 Ne4 17. Rfd1 Qb6 18. Rab1 Rfd8 19. Ne5 Nd6 20. h4 h5 21. Qc2 Bf6 22. Bf3 g6 23. Nd3 Qc7 24. b5 axb5 25. axb5 Nc4 26. bxc6 bxc6 27. Ra1 Be7 28. Kg2 Kg7 29. Rdc1 Rxa1 30. Rxa1 Rb8 31. Qd1 Qb6 32. Rc1 Qb3 33. Qxb3 Rxb3 34. Be2 Ba3 35. Rc2 Rb6 36. Rc3 Bd6 37. Rc2 Kf6 38. Ne1 Na3 39. Ra2 Nb1 40. Ra7 Nc3 41. Bf3 c5 42. dxc5 Bxc5 43. Rc7 Bb4 44. Nd3 Ne4 45. Nf4 Rd6 46. Bxe4 dxe4 47. Nh3 Re6 48. Ng5 Re7 49. Rc4 Ba5 50. Nxe4+ Kg7 51. Ng5 Rd7 52. Ne4 Bd8 53. Kf3 Be7 54. Ra4 Rb7 55. Ra6 Rc7 56. Rb6 Ra7 57. Rb5 Rc7 58. Ke2 Rc2+ 59. Kf1 Rc1+ 60. Kg2 Rc2 61. Rb7 Kf8 62. Kf3 Ra2 63. Rc7 Ke8 64. Rb7 Rc2 65. Rb5 Kf8 66. Kf4 f5 67. Ng5 Rxf2+ 68. Ke5 Rc2 69. Rb8+ Kg7 70. Rb7 Kf8 71. Ke6 Rc6+ 72. Kd5 Rd6+ 73. Ke5 Ra6 74. e4 fxe4 75. Nxe4 Kf7 76. Ng5+ Ke8 77. Ne4 Kf7 78. Rc7 Ra5+ 79. Kf4 Ra4 80. Rc6 Kg7 81. Ke5 Ra5+ 82. Ke6 Ra7 83. Rb6 Bf8 84. Kd5 Rd7+ 85. Ke5 Re7+ 86. Kf4 Rf7+ 87. Ke3 Re7 88. Kf3 Rf7+ 89. Kg2 Be7 90. Re6 Bf6 91. Nd6 Re7 92. Ne8+ Kh6 93. Rxf6 Rxe8 94. Rd6 Re7 95. Rd4 Rf7 96. g4 Kg7 97. gxh5 gxh5 98. Rd5 Rf6 99. Rxh5 Kg6 100. Rg5+ Kf7 101. Kg3 Rg6 102. Rxg6 Kxg6 103. h5+ Kxh5 1/2-1/2

[Event "January 9 Early 2024"]
[Site "https://www.chess.com"]
[Date "2024.01.11"]
[Round "11"]
[White "Novozhilov, Semen"]
[Black "Swicarz, Maciej"]
[Result "0-1"]
[Board "1"]
[TimeControl "180+1"]
[WhiteFideId "24289167"]
[BlackFideId "1113585"]
[WhiteElo "2676"]
[BlackElo "2515"]
[WhiteTeam "RUS"]
[BlackTeam "POL"]
[WhiteClock "0:02:34"]
[BlackClock "0:02:18"]

1. d4 Nf6 2. Nf3 e6 3. e3 c5 4. Bd3 Nc6 5. O-O b6 6. c4 Bb7 7. b3 cxd4 8. exd4 d5 9. Bb2 Be7 10. cxd5 Nxd5 11. Ne5 O-O 12. Qg4 Nf6 13. Qh4 Nxe5 14. dxe5 Qxd3 15. exf6 Bxf6 16. Bxf6 gxf6 17. Qxf6 Qg6 18. Qxg6+ hxg6 19. Nc3 Rac8 20. Nb5 Ba6 21. Nxa7 Rc7 0-1

[Event "January 9 Early 2024"]
[Site "https://www.chess.com"]
[Date "2024.01.11"]
[Round "11"]
[White "Madaminov, Mukhiddin"]
[Black "Sadhwani, Raunak"]
[Result "1-0"]
[Board "2"]
[TimeControl "180+1"]
[WhiteFideId "14210703"]
[BlackFideId "35093487"]
[WhiteElo "2872"]
[BlackElo "3040"]
[WhiteTeam "UZB"]
[BlackTeam "IND"]
[WhiteClock "0:01:59"]
[BlackClock "0:02:19"]

1. e4 c6 2. Nf3 d5 3. Nc3 dxe4 4. Nxe4 Nf6 5. Qe2 Na6 6. d3 Nc7 7. g3 e6 8. Bg2 Be7 9. O-O O-O 10. Rd1 a5 11. a4 Ncd5 12. c3 b6 13. Ne5 Bb7 14. h4 c5 15. c4 Nb4 16. Nxf6+ gxf6 17. Bh6 1-0

[Event "January 9 Early 2024"]
[Site "https://www.chess.com"]
[Date "2024.01.11"]
[Round "11"]
[White "Blokhin, Sofia"]
[Black "Mesquita, Eduardo Barbosa"]
[Result "1-0"]
[Board "3"]
[TimeControl "180+1"]
[WhiteFideId "4508190"]
[BlackFideId "22757163"]
[WhiteElo "2312"]
[BlackElo "2422"]
[WhiteTeam "EST"]
[BlackTeam "BRA"]
[WhiteClock "0:01:59"]
[BlackClock "0:02:19"]

1. d4 d5 2. c4 e6 3. Nc3 Nf6 4. Nf3 a6 5. a4 b6 6. e3 Be7 7. Bd3 O-O 8. cxd5 exd5 9. Ne5 c5 10. O-O Bb7 11. f4 Re8 12. Qf3 Nbd7 13. Qh3 Kf8 14. Bxh7 Bc8 15. Bf5 Qc7 16. Nxd7+ Bxd7 17. Qh8+ Ng8 18. Bh7 Bf6 19. Nxd5 1-0

[Event "January 9 Early 2024"]
[Site "https://www.chess.com"]
[Date "2024.01.11"]
[Round "11"]
[White "Costachi, Mihnea"]
[Black "Sharapov, Evgeny"]
[Result "1-0"]
[Board "4"]
[TimeControl "180+1"]
[WhiteFideId "1217518"]
[BlackFideId "14103133"]
[WhiteElo "2875"]
[BlackElo "2567"]
[WhiteTeam "ROU"]
[BlackTeam "UKR"]
[WhiteClock "0:02:16"]
[BlackClock "0:01:56"]

1. Nc3 c5 2. Nf3 d5 3. d4 cxd4 4. Qxd4 e6 5. e4 Nc6 6. Qa4 Nf6 7. exd5 Nxd5 8. Nxd5 Qxd5 9. Bg5 Bb4+ 10. c3 Qe4+ 11. Kd1 Qd5+ 12. Kc2 Bc5 13. Rd1 Qf5+ 14. Bd3 Qd5 15. Be4 1-0

[Event "January 9 Early 2024"]
[Site "https://www.chess.com"]
[Date "2024.01.11"]
[Round "11"]
[White "Mekhitarian, Krikor Sevag"]
[Black "Zgadzaj, Rafal"]
[Result "1-0"]
[Board "5"]
[TimeControl "180+1"]
[WhiteFideId "2107660"]
[BlackFideId "1113712"]
[WhiteElo "2701"]
[BlackElo "2333"]
[WhiteTeam "BRA"]
[BlackTeam "POL"]
[WhiteClock "0:02:19"]
[BlackClock "0:01:52"]

1. Nf3 e6 2. c4 c6 3. d4 g6 4. Nc3 Bg7 5. e4 Ne7 6. h4 h5 7. e5 d6 8. Bf4 dxe5 9. dxe5 Qxd1+ 10. Rxd1 O-O 11. Ne4 Nf5 12. Nf6+ Kh8 13. Bd3 Na6 14. b3 Nc5 15. Bb1 b5 16. cxb5 cxb5 17. O-O b4 18. Ng5 Bb7 19. Rc1 Rac8 20. Bxf5 gxf5 21. Rfd1 Bxf6 22. exf6 Ne4 23. Rxc8 Rxc8 24. Nxf7+ Kh7 25. Rd7 Rc1+ 26. Bxc1 1-0

[Event "January 9 Early 2024"]
[Site "https://www.chess.com"]
[Date "2024.01.11"]
[Round "11"]
[White "Seo, Jung Min"]
[Black "Pranav, V"]
[Result "0-1"]
[Board "9"]
[TimeControl "180+1"]
[WhiteFideId "1734687"]
[BlackFideId "25060783"]
[WhiteElo "2848"]
[BlackElo "3036"]
[WhiteTeam "SWE"]
[BlackTeam "IND"]
[WhiteClock "0:01:53"]
[BlackClock "0:02:21"]

1. e4 e5 2. Nf3 Nc6 3. Bc4 Nf6 4. d3 h6 5. c3 d6 6. a4 g6 7. a5 a6 8. Nbd2 Bg7 9. O-O O-O 10. Re1 Be6 11. Bxe6 fxe6 12. Nf1 Kh7 13. Ng3 Qd7 14. h3 Rad8 15. Qe2 d5 16. Be3 d4 17. cxd4 exd4 18. Bd2 Qe7 19. Rec1 Nd7 20. b4 Qd6 21. Rab1 Na7 22. Nh2 Nb5 23. f4 Nc3 24. Bxc3 dxc3 25. Nf3 Qxf4 26. Nf1 Ne5 27. Nxe5 Bxe5 28. g3 Qf3 29. Qxf3 Rxf3 30. b5 Rfxd3 31. bxa6 bxa6 32. Rb7 Rd1 33. Rxd1 Rxd1 34. Kg2 c2 0-1

[Event "January 9 Early 2024"]
[Site "https://www.chess.com"]
[Date "2024.01.11"]
[Round "11"]
[White "Vakhidov, Shahzod"]
[Black "Fier, Alexandr"]
[Result "0-1"]
[Board "10"]
[TimeControl "180+1"]
[WhiteFideId "14205270"]
[BlackFideId "2107139"]
[WhiteElo "2516"]
[BlackElo "2728"]
[WhiteTeam "UZB"]
[BlackTeam "BRA"]
[WhiteClock "0:01:16"]
[BlackClock "0:02:34"]

1. d4 Nf6 2. Nf3 c5 3. d5 g6 4. g3 Bg7 5. c4 O-O 6. Nc3 e6 7. Bg2 exd5 8. cxd5 d6 9. O-O Re8 10. Re1 a6 11. a4 Ne4 12. Nxe4 Rxe4 13. Qc2 Rb4 14. Ra2 a5 15. Bd2 Na6 16. Bc3 Bd7 17. Raa1 Rc8 18. Nd2 Qe8 19. b3 Rd4 20. Nc4 Nb4 21. Qb2 Rxc4 22. Bxg7 Rc2 23. Qf6 Qd8 24. Qxd6 Kxg7 25. e4 Qf6 0-1

[Event "January 9 Early 2024"]
[Site "https://www.chess.com"]
[Date "2024.01.11"]
[Round "11"]
[White "Csonka, Balazs"]
[Black "Pesotskiy, Mikhail"]
[Result "1-0"]
[Board "11"]
[TimeControl "180+1"]
[WhiteFideId "742910"]
[BlackFideId "34164453"]
[WhiteElo "2691"]
[BlackElo "2489"]
[WhiteTeam "HUN"]
[BlackTeam "RUS"]
[WhiteClock "0:00:49"]
[BlackClock "0:02:15"]

1. d4 Nf6 2. Bf4 c5 3. e3 Nd5 4. Bg3 Qb6 5. b3 cxd4 6. exd4 d6 7. Bc4 Nf6 8. Nf3 g6 9. O-O Bg7 10. Re1 Nc6 11. Bxd6 O-O 12. Bxe7 Nxe7 13. Rxe7 Bg4 14. c3 Rae8 15. Rxe8 Rxe8 16. Nbd2 Qc6 17. Qf1 a6 18. Ne5 Qc7 19. Bxf7+ 1-0

[Event "January 9 Early 2024"]
[Site "https://www.chess.com"]
[Date "2024.01.11"]
[Round "11"]
[White "Garakov, Mikhael"]
[Black "Saha, Ananda"]
[Result "1-0"]
[Board "12"]
[TimeControl "180+1"]
[WhiteFideId "4169034"]
[BlackFideId "2619644"]
[WhiteElo "2657"]
[BlackElo "2484"]
[WhiteTeam "RUS"]
[BlackTeam "CAN"]
[WhiteClock "0:02:03"]
[BlackClock "0:01:12"]

1. e4 e6 2. d4 d5 3. Nc3 Nf6 4. e5 Nfd7 5. f4 c5 6. Nf3 Nc6 7. Be3 a6 8. Qd2 b5 9. a3 Be7 10. Be2 O-O 11. O-O b4 12. axb4 cxb4 13. Nd1 a5 14. Nf2 a4 15. Bd3 Nb6 16. Qe2 a3 17. b3 Nb8 18. Ng5 Bxg5 19. fxg5 Ba6 20. Bxh7+ Kxh7 21. Qh5+ Kg8 22. Ng4 Bxf1 23. Nf6+ Qxf6 24. gxf6 gxf6 25. exf6 1-0

[Event "January 9 Early 2024"]
[Site "https://www.chess.com"]
[Date "2024.01.11"]
[Round "11"]
[White "Tiarks, Jann-Christian"]
[Black "Zhu, Jiner"]
[Result "0-1"]
[Board "13"]
[TimeControl "180+1"]
[WhiteFideId "12951595"]
[BlackFideId "8608059"]
[WhiteElo "2455"]
[BlackElo "2608"]
[WhiteTeam "GER"]
[BlackTeam "CHN"]
[WhiteClock "0:01:26"]
[BlackClock "0:01:40"]

1. e4 e5 2. Nf3 Nc6 3. d4 exd4 4. Nxd4 Bc5 5. Nb3 Bb6 6. Nc3 Nf6 7. Qe2 O-O 8. Be3 d6 9. O-O-O Re8 10. f3 Qe7 11. Kb1 Be6 12. g4 Ne5 13. g5 Nfd7 14. h4 Nc4 15. Bf2 a5 16. Bxb6 Ndxb6 17. Nd4 a4 18. Nxe6 Qxe6 19. Bh3 Qe5 20. Qd3 a3 21. b3 Nb2 22. Qd2 Nxd1 23. Rxd1 Qg3 24. Bg4 Rad8 25. h5 c6 26. h6 g6 27. Qd4 Qe5 28. Qxb6 Qxc3 29. Qd4 Qxd4 30. Rxd4 d5 31. exd5 Re1+ 32. Rd1 Rxd1# 0-1

[Event "January 9 Early 2024"]
[Site "https://www.chess.com"]
[Date "2024.01.11"]
[Round "11"]
[White "Rosenberg, Evan S"]
[Black "Tikhonov, Viacheslav"]
[Result "0-1"]
[Board "14"]
[TimeControl "180+1"]
[WhiteFideId "2019299"]
[BlackFideId "44196407"]
[WhiteElo "2394"]
[BlackElo "2521"]
[WhiteTeam "USA"]
[BlackTeam "RUS"]
[WhiteClock "0:01:30"]
[BlackClock "0:01:28"]

1. e4 c5 2. Nc3 g6 3. f4 Bg7 4. Nf3 Nc6 5. a4 e6 6. e5 d6 7. Bb5 d5 8. O-O Ne7 9. d3 O-O 10. Bxc6 Nxc6 11. b3 f6 12. Re1 fxe5 13. fxe5 Rf5 14. g4 Rf8 15. Bg5 Qc7 16. Bf6 Bxf6 17. exf6 Rxf6 18. Nb5 Qf4 19. Rf1 Qxg4+ 20. Kh1 Bd7 21. d4 Raf8 0-1

[Event "January 9 Early 2024"]
[Site "https://www.chess.com"]
[Date "2024.01.11"]
[Round "11"]
[White "Tharushi, T H D Niklesha"]
[Black "Shevchuk, Olexandr"]
[Result "1-0"]
[Board "15"]
[TimeControl "180+1"]
[WhiteFideId "9918264"]
[BlackFideId "14113775"]
[WhiteElo "2291"]
[BlackElo "2489"]
[WhiteTeam "SRI"]
[BlackTeam "UKR"]
[WhiteClock "0:01:33"]
[BlackClock "0:01:41"]

1. d4 e6 2. Nf3 d5 3. g3 Nf6 4. Bg2 c6 5. O-O Nbd7 6. c4 Be7 7. Nc3 O-O 8. Re1 b6 9. e4 dxe4 10. Nxe4 Bb7 11. Qc2 Nxe4 12. Qxe4 Nf6 13. Qc2 c5 14. Be3 cxd4 15. Nxd4 Bxg2 16. Kxg2 Qc7 17. Rad1 Rac8 18. b3 Rfd8 19. Nb5 Qb7+ 20. f3 a6 21. Nc3 Rxd1 22. Rxd1 b5 23. c5 a5 24. a3 b4 25. axb4 axb4 26. Na4 h5 27. Nb6 Qxb6 28. cxb6 Rxc2+ 29. Kh3 Nd5 30. b7 Bd6 31. Rxd5 exd5 32. Bf4 Bxf4 33. gxf4 d4 34. b8=Q+ Kh7 35. Qxb4 d3 36. Qe4+ g6 37. Qxd3 Rb2 38. Qc4 Kg8 39. b4 Rb1 40. b5 Rb2 41. Qc8+ Kh7 42. Qd7 Kg8 43. Qe8+ 1-0

[Event "January 9 Early 2024"]
[Site "https://www.chess.com"]
[Date "2024.01.11"]
[Round "11"]
[White "Cori T., Deysi"]
[Black "Lima, Artur Tin Lun Dai"]
[Result "0-1"]
[Board "16"]
[TimeControl "180+1"]
[WhiteFideId "3801934"]
[BlackFideId "22773150"]
[WhiteElo "2529"]
[BlackElo "2379"]
[WhiteTeam "PER"]
[BlackTeam "BRA"]
[WhiteClock "0:01:26"]
[BlackClock "0:01:30"]

1. e4 c5 2. Nf3 d6 3. Bb5+ Bd7 4. Bxd7+ Qxd7 5. O-O Nc6 6. d4 cxd4 7. Nxd4 Nf6 8. Nc3 e6 9. Re1 a6 10. Bg5 Be7 11. Qd2 h6 12. Bh4 O-O 13. Rad1 Rad8 14. Nb3 Qc7 15. h3 Rfe8 16. Qe2 Ne5 17. Bg3 Nc4 18. Qf3 Nxb2 19. e5 Nxd1 20. exf6 Qxc3 21. Qxc3 Nxc3 22. fxe7 Rxe7 23. a3 d5 24. Bh4 f6 25. Nd4 Kf7 26. f3 Rc8 27. Bg3 Rc4 28. Bf2 Nb5 29. Nxb5 axb5 30. Rb1 Rxc2 31. Rxb5 Rd7 32. Bc5 d4 33. Bb4 d3 0-1

[Event "January 9 Early 2024"]
[Site "https://www.chess.com"]
[Date "2024.01.11"]
[Round "11"]
[White "Domalchuk-Jonasson, Aleksandr"]
[Black "Kozak, Antoni"]
[Result "0-1"]
[Board "17"]
[TimeControl "180+1"]
[WhiteFideId "14142805"]
[BlackFideId "21832030"]
[WhiteElo "2632"]
[BlackElo "2767"]
[WhiteTeam "ISL"]
[BlackTeam "POL"]
[WhiteClock "0:01:01"]
[BlackClock "0:01:41"]

1. d4 Nf6 2. Bg5 d5 3. e3 c6 4. Nf3 Bf5 5. Bd3 Bg6 6. O-O e6 7. c4 Be7 8. Nc3 O-O 9. Ne5 Nbd7 10. Nxg6 hxg6 11. b3 Ne8 12. Bxe7 Qxe7 13. e4 dxe4 14. Nxe4 Ndf6 15. Qd2 Nxe4 16. Bxe4 Rd8 17. Rad1 Nf6 18. Bf3 Qa3 19. Qc2 Rd7 20. Rd2 Rfd8 21. Rfd1 a5 22. g3 g5 23. h3 a4 24. Kg2 g6 25. Qc3 axb3 26. axb3 Qe7 27. Qa5 Ne8 28. d5 cxd5 29. cxd5 e5 30. Bg4 f5 31. Be2 Nd6 32. Bc4 Rc8 33. Qc3 b5 34. Re1 bxc4 35. Rxe5 Qg7 36. bxc4 Ne4 0-1

[Event "January 9 Early 2024"]
[Site "https://www.chess.com"]
[Date "2024.01.11"]
[Round "11"]
[White "Llari, Marc"]
[Black "Ladan, Nicholas"]
[Result "0-1"]
[Board "18"]
[TimeControl "180+1"]
[WhiteFideId "651044269"]
[BlackFideId "30918855"]
[WhiteElo "2326"]
[BlackElo "2473"]
[WhiteTeam "FRA"]
[BlackTeam "USA"]
[WhiteClock "0:01:49"]
[BlackClock "0:01:23"]

1. d4 b5 2. Nf3 Bb7 3. g3 e6 4. Bg2 Nf6 5. O-O Be7 6. a4 a6 7. axb5 axb5 8. Rxa8 Bxa8 9. Nbd2 O-O 10. Nb3 Na6 11. Bg5 h6 12. Bxf6 Bxf6 13. c3 Be4 14. Nfd2 Bxg2 15. Kxg2 Qa8+ 16. e4 Rc8 17. Qf3 c5 18. d5 c4 19. Nc1 exd5 20. exd5 Nc7 21. Ne2 Qxd5 22. Qxd5 Nxd5 23. Ra1 b4 24. Ra5 bxc3 25. Rxd5 cxb2 26. Rxd7 c3 27. Nxc3 Rxc3 28. Rb7 Rc1 29. Kf3 Bc3 30. Ke2 Bxd2 31. Rxb2 Bg5 32. h4 Bf6 33. Rb8+ Kh7 34. Rb7 Kg6 35. Kf3 h5 36. Rd7 Rc3+ 37. Kg2 Rc4 38. Rd2 Rd4 39. Re2 Kf5 40. Kf3 Rd3+ 41. Kg2 g6 42. Ra2 Rd5 43. Rc2 Rb5 44. Ra2 Bd4 45. Re2 Rb2 46. Rxb2 Bxb2 47. Kf3 Bd4 48. Kg2 Ke4 49. f3+ Ke3 50. g4 Be5 51. gxh5 gxh5 0-1

[Event "January 9 Early 2024"]
[Site "https://www.chess.com"]
[Date "2024.01.11"]
[Round "11"]
[White "Travkina, Anastasia"]
[Black "Sanhueza, Cristian"]
[Result "0-1"]
[Board "19"]
[TimeControl "180+1"]
[WhiteFideId "24129151"]
[BlackFideId "116815"]
[WhiteElo "2447"]
[BlackElo "2609"]
[WhiteTeam "RUS"]
[BlackTeam "ARG"]
[WhiteClock "0:01:31"]
[BlackClock "0:00:32"]

1. e4 e5 2. Nf3 Nc6 3. Bc4 Nf6 4. d4 exd4 5. Ng5 d5 6. exd5 Qe7+ 7. Qe2 Qxe2+ 8. Kxe2 Na5 9. b3 Nxc4 10. bxc4 Bf5 11. Bf4 Bxc2 12. Bxc7 d3+ 13. Kf3 h6 14. Re1+ Kd7 15. Nxf7 Bb4 16. Re6 Rhf8 17. Ne5+ Kxc7 18. a3 Bd6 19. Nc3 Nxd5+ 20. Ke4 Nxc3+ 21. Kd4 Ne2+ 22. Kd5 0-1

[Event "January 9 Early 2024"]
[Site "https://www.chess.com"]
[Date "2024.01.11"]
[Round "11"]
[White "Hercegovac, Neven"]
[Black "Khamdamova, Afruza"]
[Result "0-1"]
[Board "20"]
[TimeControl "180+1"]
[WhiteFideId "2839135"]
[BlackFideId "14210444"]
[WhiteElo "2334"]
[BlackElo "2505"]
[WhiteTeam "ITA"]
[BlackTeam "UZB"]
[WhiteClock "0:00:29"]
[BlackClock "0:01:48"]

1. d4 Nf6 2. Bf4 d5 3. e3 c5 4. Nf3 Nc6 5. Nbd2 cxd4 6. exd4 Bf5 7. Bb5 e6 8. Ne5 Rc8 9. O-O Bd6 10. c4 O-O 11. Bxc6 bxc6 12. c5 Bb8 13. b4 Ne4 14. Nxe4 Bxe4 15. Bg3 Qe8 16. a4 f6 17. Nf3 e5 18. dxe5 fxe5 19. Nd2 Bd3 20. Re1 e4 21. f3 Bxg3 22. hxg3 Qg6 23. fxe4 dxe4 24. b5 cxb5 25. axb5 Rxc5 26. Rxa7 Rxb5 27. Qa4 Qb6+ 0-1

[Event "January 9 Early 2024"]
[Site "https://www.chess.com"]
[Date "2024.01.11"]
[Round "11"]
[White "Zavgorodniy, Sergiy"]
[Black "Castellano, Christopher"]
[Result "1-0"]
[Board "21"]
[TimeControl "180+1"]
[WhiteFideId "14110148"]
[BlackFideId "5203651"]
[WhiteElo "2622"]
[BlackElo "2446"]
[WhiteTeam "UKR"]
[BlackTeam "PHI"]
[WhiteClock "0:01:11"]
[BlackClock "0:01:16"]

1. e4 g6 2. h4 Bg7 3. h5 gxh5 4. Ne2 Nf6 5. Ng3 d6 6. d4 Bg4 7. Be2 Nc6 8. Be3 e5 9. d5 Nd4 10. f3 Nxe2 11. Qxe2 Bd7 12. Nc3 a6 13. O-O-O Qe7 14. Nxh5 Nxh5 15. Rxh5 O-O-O 16. Rdh1 h6 17. Bxh6 Bxh6+ 18. Rxh6 Rxh6 19. Rxh6 f5 20. exf5 Bxf5 21. g4 Bd7 22. Ne4 Rf8 23. b3 Kb8 24. a4 Rf4 25. Kb2 Qf7 26. Rh8+ Ka7 27. Qe3+ b6 28. Qc3 Kb7 29. a5 Rxf3 30. Ng5 Rxc3 31. Nxf7 Rg3 32. Nd8+ Ka7 33. Rh7 Bxg4 34. Rxc7+ Kb8 35. axb6 Bf5 36. Nc6+ Ka8 37. b7# 1-0

[Event "January 9 Early 2024"]
[Site "https://www.chess.com"]
[Date "2024.01.11"]
[Round "11"]
[White "Kuhn, Clement"]
[Black "Tejedor Fuente, Enrique"]
[Result "0-1"]
[Board "22"]
[TimeControl "180+1"]
[WhiteFideId "36099775"]
[BlackFideId "2299100"]
[WhiteElo "2591"]
[BlackElo "2730"]
[WhiteTeam "FRA"]
[BlackTeam "ESP"]
[WhiteClock "0:00:26"]
[BlackClock "0:01:49"]

1. Nf3 d6 2. d4 g6 3. b3 Bg7 4. Bb2 Nc6 5. g3 Bg4 6. Bg2 Nh6 7. O-O O-O 8. c4 Nf5 9. e3 e5 10. d5 Nce7 11. Nbd2 e4 12. Bxg7 exf3 13. Bxf8 fxg2 14. Bxe7 gxf1=Q+ 15. Nxf1 Qxe7 16. Qxg4 a5 17. e4 Nd4 18. Nd2 a4 19. Qd1 axb3 20. axb3 Rxa1 21. Qxa1 Qf6 22. Qa8+ Kg7 23. Qxb7 Qg5 24. f4 Qh5 25. Qxc7 Qd1+ 26. Nf1 Qe2 27. Nd2 Qxd2 28. Qxd6 Nf3+ 29. Kf1 Nxh2+ 30. Kg1 Nf3+ 31. Kf1 Qe1+ 32. Kg2 Qe2+ 33. Kh3 Ng1+ 34. Kh4 Qh5# 0-1

[Event "January 9 Early 2024"]
[Site "https://www.chess.com"]
[Date "2024.01.11"]
[Round "11"]
[White "Espinoza Villanueva, Rodrigo"]
[Black "Buscar, Michael"]
[Result "1-0"]
[Board "23"]
[TimeControl "180+1"]
[WhiteFideId "5140188"]
[BlackFideId "2603616"]
[WhiteElo "2585"]
[BlackElo "2416"]
[WhiteTeam "MEX"]
[BlackTeam "CAN"]
[WhiteClock "0:01:17"]
[BlackClock "0:00:21"]

1. e4 c5 2. Nf3 Nc6 3. d4 cxd4 4. Nxd4 Nf6 5. Nc3 e5 6. Ndb5 h6 7. Bc4 d6 8. O-O a6 9. Na3 b5 10. Bd5 Nxd5 11. Nxd5 Be6 12. c4 Ne7 13. Be3 Nxd5 14. exd5 Bd7 15. f4 exf4 16. Bd4 Qg5 17. Qe2+ Be7 18. Rae1 Kf8 19. Rxf4 Qxf4 20. Qxe7+ Kg8 21. Re4 Re8 22. Qxe8+ Bxe8 23. Rxf4 1-0

[Event "January 9 Early 2024"]
[Site "https://www.chess.com"]
[Date "2024.01.11"]
[Round "11"]
[White "Bluebaum, Matthias"]
[Black "Bacrot, Etienne"]
[Result "1-0"]
[Board "24"]
[TimeControl "180+1"]
[WhiteFideId "24651516"]
[BlackFideId "605506"]
[WhiteElo "3076"]
[BlackElo "2854"]
[WhiteTeam "GER"]
[BlackTeam "FRA"]
[WhiteClock "0:01:35"]
[BlackClock "0:00:05"]

1. d4 d5 2. c4 c6 3. Nf3 Nf6 4. Nc3 dxc4 5. e4 b5 6. Qc2 e6 7. Be2 Be7 8. O-O Bb7 9. Rb1 Qc7 10. e5 Nd5 11. Bg5 Nxc3 12. bxc3 a6 13. a4 h6 14. Bxe7 Qxe7 15. Nd2 O-O 16. Ne4 Nd7 17. Bxc4 c5 18. axb5 cxd4 19. cxd4 Rfc8 20. Nd6 axb5 21. Rxb5 Bd5 22. Qe2 Qxd6 23. Bxd5 1-0

[Event "January 9 Early 2024"]
[Site "https://www.chess.com"]
[Date "2024.01.11"]
[Round "11"]
[White "Nikologorsky, Matfei"]
[Black "Tasev, Dejan"]
[Result "1-0"]
[Board "25"]
[TimeControl "180+1"]
[WhiteFideId "24102474"]
[BlackFideId "936618"]
[WhiteElo "2472"]
[BlackElo "2623"]
[WhiteTeam "FID"]
[BlackTeam "SRB"]
[WhiteClock "0:00:32"]
[BlackClock "0:01:13"]

1. e4 c5 2. Nf3 Nc6 3. d4 cxd4 4. Nxd4 g6 5. Nc3 Bg7 6. Be3 d6 7. Qd2 Nf6 8. f3 O-O 9. O-O-O Bd7 10. g4 Rc8 11. h4 h5 12. gxh5 Nxh5 13. Rg1 Ne5 14. Be2 Nc4 15. Bxc4 Rxc4 16. Rg5 b5 17. Rdg1 Nf6 18. h5 b4 19. Nd5 Nxd5 20. exd5 Qa5 21. Kb1 Rfc8 22. hxg6 f5 23. Qh2 Qxd5 24. Rh5 Qe5 25. Rh8+ 1-0

[Event "January 9 Early 2024"]
[Site "https://www.chess.com"]
[Date "2024.01.11"]
[Round "11"]
[White "Rose, Felix"]
[Black "Filipovic, Slobodan J"]
[Result "1-0"]
[Board "26"]
[TimeControl "180+1"]
[WhiteFideId "5105722"]
[BlackFideId "939633"]
[WhiteElo "2249"]
[BlackElo "2353"]
[WhiteTeam "MEX"]
[BlackTeam "SRB"]
[WhiteClock "0:00:45"]
[BlackClock "0:01:11"]

1. e4 c5 2. Nf3 Nc6 3. d4 cxd4 4. Nxd4 e5 5. Nb5 d6 6. N1c3 a6 7. Na3 b5 8. Nab1 Nge7 9. Bg5 h6 10. Bxe7 Bxe7 11. a4 b4 12. Nd5 Bg5 13. c3 a5 14. Bb5 Bd7 15. cxb4 axb4 16. O-O O-O 17. Nd2 Nd4 18. Bxd7 Bxd2 19. Qxd2 Nb3 20. Qd1 Nxa1 21. Bb5 f5 22. exf5 Rxf5 23. Qg4 Rg5 24. Qe6+ Kh8 25. Rxa1 e4 26. Qxe4 Re5 27. Qf3 Qg5 28. Ne3 Rxb5 29. Qxa8+ Kh7 30. axb5 Qxg2+ 31. Qxg2 1-0